 Dungeon Crawl Stone Soup version 0.31-a0-152-g6aa68a64a1 (webtiles) character file.

Game seed: 8877690540454094496

301 qw the Shooter (level 6, 0/56 HPs)
             Began as a Naga Hunter on June 10, 2023.
             Was an Initiate of Okawaru.
             Slain by a lemure (5 damage)
             ... led by Pikel
             ... on level 5 of the Dungeon.
             The game lasted 00:01:02 (3369 turns).

qw the Shooter (Naga Hunter)                        Turns: 3369, Time: 00:01:03

Health: 0/56       AC:  7    Str: 16    XL:     6   Next: 37%
Magic:  6/6        EV: 10    Int: 14    God:    Okawaru [......]
Gold:   210        SH:  0    Dex: 19    Spells: 5/5 levels left

rFire   . . .        b - +10 hand crossbow of Exquisite Torment {penet, rElec Str+3 Int+4 Dex+3}
rCold   . . .        (no shield)
rNeg    . . .        c - +0 leather armour
rPois   +            (no helmet)
rElec   +            (no cloak)
rCorr   +            (no gloves)
SInv    +            (no barding)
Will    .....        (no amulet)
Stlth   +            h - ring of resist corrosion
HPRegen 0.29/turn    f - +4 ring of protection
MPRegen 0.10/turn

%: no passive effects
@: confused, very slow
A: AC +2, large, see invisible, deformed body, poison resistance, slowness 2,
spit poison 1, naga tail 1
a: Spit Poison, Renounce Religion


You were on level 5 of the Dungeon.
You worshipped Okawaru.
Okawaru was noncommittal.
You visited 1 branch of the dungeon, and saw 5 of its levels.

You collected 210 gold pieces.


Innate Abilities, Weirdness & Mutations

Your serpentine skin is tough. (AC +2)
You have supernaturally acute eyesight. (SInv)
Armour fits poorly on your strangely shaped body.
Your system is resistant to poisons. (rPois)
You cover ground very slowly.
You can spit poison.
You have a snake-like lower body.


   Skills:
 + Level 3.5 Fighting
 - Level 6.0 Ranged Weapons
 - Level 2.1 Dodging
 - Level 1.5 Stealth


You had 5 spell levels left.
You didn't know any spells.
Your spell library was empty.

Inventory:

Hand Weapons
 b - the +10 hand crossbow of Exquisite Torment (weapon) {penet, rElec Str+3 Int+4 Dex+3}
   (You acquired it on level 2 of the Dungeon)

   Str:       It affects your strength (+3).
   Int:       It affects your intelligence (+4).
   Dex:       It affects your dexterity (+3).
   rElec:     It insulates you from electricity.
Armour
 c - a +0 leather armour (worn)
Jewellery
 f - a +4 ring of protection (right hand)
 h - a ring of resist corrosion (left hand)
 o - a ring of fire
Scrolls
 a - 4 scrolls of teleportation
 d - a scroll of identify
Potions
 e - a potion of curing
 g - a potion of mutation
 i - a potion of lignification {unknown}
 j - a potion of berserk rage {unknown}
 k - a potion of resistance
 l - a potion of enlightenment {unknown}
 m - a potion of attraction {unknown}
 n - a potion of heal wounds {unknown}
 p - a potion of brilliance {unknown}

Dungeon Overview and Level Annotations

Branches:
Dungeon (5/15)
 Temple: D:4-7

Altars:
Makhleb
Okawaru
Zin

Annotations:
D:3 1 runed translucent door, Crazy Yiuf
D:5 Pikel


Message History

Aiming: Spit Poison (1% risk of failure)
Press: ? - help, Shift-Dir - straight line, f - lemure The splash of poison misses the lemure.
The orc wizard shouts!
A black bear comes into view.
An orc comes into view. It is wielding a +0 club.
The lemure hits you but does no damage.
You shoot a bolt. The bolt pierces through the lemure!
The lemure is heavily wounded.
The bolt closely misses the lemure.
An adder comes into view.
Pikel hits you with a +1 whip of freezing.
Pikel freezes you. The lemure closely misses you.
The lemure hits you but does no damage.
You shoot a bolt. The bolt pierces through the lemure!!
You kill the lemure!
That felt strangely unrewarding.
The bolt closely misses the lemure.
The lemure barely misses you.
The orc wizard gestures at you while chanting.
You are confused.
Pikel hits you with a +1 whip of freezing.
Pikel freezes you. The lemure misses you. The lemure barely misses you.
Pikel drinks a potion.
Pikel seems to grow stronger.
The lemure hits you. The lemure hits you but does no damage.
3367 ||| STAIRDANCE You have got your breath back.
The lemure hits you. The lemure misses you.
Pikel hits you with a +1 whip of freezing!
Pikel freezes you. The lemure barely misses you.
In your confused state, you trip and fall back down the stairs.
The lemure hits you but does no damage. The lemure closely misses you.
The orc wizard gestures at you while chanting.
The magic dart hits you but does no damage.
Pikel hits you but does no damage. The lemure hits you.
3369 ||| STAIRDANCE The lemure hits you.
The lemure closely misses you.
The orc wizard hits you but does no damage.
Pikel hits you with a +1 whip of freezing!
Pikel freezes you. The lemure hits you.
You die...

### #..# ...
#..## # ....
#.... .. .?...
.... ...
.....##.o# ..#
.........#...##
.......ooh.....
.......@5S#
......5K5......
...$......#####
..........#
!.......#.#
........#.#
........#.#
#########..


You could see Pikel (strong), a black bear, 3 lemures, an orc wizard, an adder
and 2 orcs.

Vanquished Creatures
  A lemure (D:5)
  A hound (D:4)
  Terence (D:3)
  Jessica (D:3)
  8 gnolls
  6 adders
  A worm (D:4)
  8 orcs
  5 ball pythons
  4 endoplasms
  5 giant cockroaches
  7 goblins
  7 hobgoblins
  2 jackals (D:4)
  5 kobolds
  2 quokkas
  7 bats
  4 frilled lizards
  5 rats
80 creatures vanquished.

Notes
Turn   | Place    | Note
-------+----------+-------------------------------------------
     0 | D:1      | qw the Naga Hunter began the quest for the Orb.
     0 | D:1      | Reached XP level 1. HP: 19/19 MP: 1/1
     0 | D:1      | 0 ||| qw: Version: 0.2-a-123-gb51047a
     0 | D:1      | 0 ||| qw: Game counter: 3752
     0 | D:1      | 0 ||| qw: Always use a shield: true
     0 | D:1      | 0 ||| qw: God list: Okawaru
     0 | D:1      | 0 ||| qw: Allow faded altars: false
     0 | D:1      | 0 ||| qw: Do Orc after D:15 true
     0 | D:1      | 0 ||| qw: Do second Lair branch before Depths: true
     0 | D:1      | 0 ||| qw: Lair rune preference: random
     0 | D:1      | 0 ||| qw: Plans: Normal
     0 | D:1      | 0 ||| PLANNING D:1-11
    24 | D:1      | 24 ||| INVOKING Spit Poison.
   130 | D:1      | 130 ||| INVOKING Spit Poison.
   144 | D:1      | 144 ||| INVOKING Spit Poison.
   364 | D:1      | 364 ||| INVOKING Spit Poison.
   365 | D:1      | Reached skill level 4 in Ranged Weapons
   365 | D:1      | Reached XP level 2. HP: 26/26 MP: 2/2
   381 | D:1      | 381 ||| INVOKING Spit Poison.
   568 | D:1      | 568 ||| INVOKING Spit Poison.
   665 | D:1      | 665 ||| INVOKING Spit Poison.
   784 | D:1      | 784 ||| UPGRADING to ring of resist corrosion.
   785 | D:1      | 785 ||| READING 3 scrolls labelled VERGHUU WUASASEE.
   789 | D:1      | 789 ||| READING scroll labelled GIUNOU NEUZELO.
   790 | D:1      | 790 ||| READING scroll labelled GUHOTR GOWIGYSUADD.
   791 | D:1      | 791 ||| READING scroll labelled ZOOMELAVIA.
   792 | D:1      | 792 ||| READING scroll labelled LINAG QIMPOIM.
   793 | D:1      | 793 ||| DROPPING scroll of butterflies.
   811 | D:2      | 811 ||| INVOKING Spit Poison.
   816 | D:2      | 816 ||| INVOKING Spit Poison.
   821 | D:2      | 821 ||| INVOKING Spit Poison.
   890 | D:2      | 890 ||| INVOKING Spit Poison.
   901 | D:2      | 901 ||| INVOKING Spit Poison.
   916 | D:2      | 916 ||| INVOKING Spit Poison.
  1044 | D:2      | 1044 ||| INVOKING Spit Poison.
  1046 | D:2      | 1046 ||| Stepping ~*~*~tactically~*~*~ (outnumbered).
  1047 | D:2      | 1047 ||| INVOKING Spit Poison.
  1048 | D:2      | Reached XP level 3. HP: 32/32 MP: 3/3
  1050 | D:2      | 1050 ||| INVOKING Spit Poison.
  1055 | D:2      | HP: 7/32 [gnoll/+0 spear (6)]
  1056 | D:2      | 1056 ||| READING 4 scrolls of teleportation.
  1057 | D:2      | 1057 ||| INVOKING Spit Poison.
  1057 | D:2      | HP: 2/32 [gnoll/+0 spear (6)]
  1191 | D:2      | 1191 ||| INVOKING Spit Poison.
  1209 | D:2      | 1209 ||| INVOKING Spit Poison.
  1214 | D:2      | 1214 ||| INVOKING Spit Poison.
  1219 | D:2      | 1219 ||| INVOKING Spit Poison.
  1220 | D:2      | 1220 ||| INVOKING Spit Poison.
  1327 | D:2      | 1327 ||| INVOKING Spit Poison.
  1332 | D:2      | 1332 ||| INVOKING Spit Poison.
  1354 | D:2      | 1354 ||| INVOKING Spit Poison.
  1441 | D:2      | 1441 ||| Stepping ~*~*~tactically~*~*~ (outnumbered).
  1445 | D:2      | 1445 ||| INVOKING Spit Poison.
  1449 | D:2      | Reached skill level 5 in Ranged Weapons
  1449 | D:2      | Reached XP level 4. HP: 28/39 MP: 4/4
  1450 | D:2      | 1450 ||| INVOKING Spit Poison.
  1454 | D:2      | 1454 ||| INVOKING Spit Poison.
  1543 | D:2      | 1543 ||| INVOKING Spit Poison.
  1553 | D:2      | 1553 ||| INVOKING Spit Poison.
  1630 | D:2      | 1630 ||| INVOKING Spit Poison.
  1831 | D:2      | 1831 ||| INVOKING Spit Poison.
  1841 | D:2      | 1841 ||| INVOKING Spit Poison.
  1848 | D:2      | 1848 ||| UPGRADING to +4 ring of protection.
  1849 | D:2      | 1849 ||| READING scroll labelled JIMATS TETIMN.
  1850 | D:2      | 1850 ||| READING scroll labelled OPREIGG ZASTA.
  1850 | D:2      | Identified a scroll of acquirement
  1850 | D:2      | 1850 ||| ACQUIRING +10 hand crossbow of Exquisite Torment
                  | {penet, rElec Str+3 Int+4 Dex+3}
  1850 | D:2      | Acquired the +10 hand crossbow of Exquisite Torment {penet,
                  | rElec Str+3 Int+4 Dex+3}
  1852 | D:2      | 1852 ||| SWAPPING to +10 hand crossbow of Exquisite Torment
                  | {penet, rElec Str+3 Int+4 Dex+3}.
  1853 | D:2      | 1853 ||| DROPPING +0 shortbow.
  1963 | D:3      | 1963 ||| INVOKING Spit Poison.
  2090 | D:3      | Noticed Terence
  2092 | D:3      | Killed Terence
  2093 | D:3      | Reached skill level 3 in Fighting
  2113 | D:3      | Reached XP level 5. HP: 49/49 MP: 5/5
  2113 | D:3      | 2113 ||| INVOKING Spit Poison.
  2166 | D:3      | 2166 ||| INVOKING Spit Poison.
  2224 | D:3      | Found an iron altar of Okawaru.
  2225 | D:3      | 2225 ||| PLANNING OKAWARU WORSHIP
  2225 | D:3      | 2225 ||| READING scroll labelled TORULA QOVOYB.
  2230 | D:3      | Became a worshipper of Warmaster Okawaru
  2230 | D:3      | 2230 ||| PLANNING D:1-11
  2283 | D:3      | 2283 ||| INVOKING Spit Poison.
  2304 | D:3      | 2304 ||| INVOKING Spit Poison.
  2350 | D:3      | 2350 ||| INVOKING Spit Poison.
  2355 | D:3      | 2355 ||| INVOKING Spit Poison.
  2361 | D:3      | 2361 ||| INVOKING Spit Poison.
  2391 | D:3      | Noticed Jessica
  2392 | D:3      | 2392 ||| INVOKING Spit Poison.
  2395 | D:3      | 2395 ||| INVOKING Spit Poison.
  2396 | D:3      | Killed Jessica
  2414 | D:3      | 2414 ||| INVOKING Spit Poison.
  2424 | D:3      | 2424 ||| INVOKING Spit Poison.
  2461 | D:3      | Found a runed translucent door.
  2462 | D:3      | Noticed Crazy Yiuf
  2815 | D:3      | 2815 ||| READING 2 scrolls of identify.
  2815 | D:3      | 2815 ||| IDENTIFYING pink potion
  2850 | D:4      | 2850 ||| PLANNING OSSUARY
  2850 | D:4      | 2850 ||| INVOKING Spit Poison.
  2854 | D:4      | 2854 ||| INVOKING Spit Poison.
  2858 | D:4      | 2858 ||| INVOKING Spit Poison.
  2875 | D:4      | Reached skill level 6 in Ranged Weapons
  2879 | D:4      | Reached XP level 6. HP: 56/56 MP: 6/6
  2884 | D:4      | 2884 ||| INVOKING Spit Poison.
  2897 | D:4      | 2897 ||| INVOKING Spit Poison.
  2900 | D:4      | 2900 ||| INVOKING Spit Poison.
  2954 | D:4      | 2954 ||| INVOKING Spit Poison.
  2968 | D:4      | Found a sand-covered staircase.
  2989 | D:4      | 2989 ||| INVOKING Spit Poison.
  3038 | D:4      | Found a burning altar of Makhleb.
  3038 | D:4      | Noticed a green death
  3047 | D:4      | Found a glowing silver altar of Zin.
  3047 | D:4      | Noticed an angel
  3080 | D:4      | 3080 ||| INVOKING Spit Poison.
  3085 | D:4      | 3085 ||| INVOKING Spit Poison.
  3088 | D:4      | 3088 ||| INVOKING Spit Poison.
  3099 | D:4      | 3099 ||| INVOKING Spit Poison.
  3282 | D:4      | 3282 ||| RIP OSSUARY
  3336 | D:4      | 3336 ||| PLANNING D:1-11
  3336 | D:4      | 3336 ||| READING scroll labelled IKOAWU GEISUN.
  3337 | D:4      | 3337 ||| READING 2 scrolls of identify.
  3337 | D:4      | 3337 ||| IDENTIFYING lumpy pink potion
  3363 | D:5      | Entered Level 5 of the Dungeon
  3363 | D:5      | Noticed Pikel
  3364 | D:5      | 3364 ||| INVOKING Spit Poison.
  3364 | D:5      | Noticed a black bear
  3367 | D:5      | 3367 ||| STAIRDANCE
  3369 | D:5      | 3369 ||| STAIRDANCE
  3369 | D:5      | HP: 11/56 [Pikel/+1 whip of freezing (13)]
  3369 | D:5      | HP: 5/56 [Pikel/+1 whip of freezing (6)]
  3369 | D:5      | Slain by a lemure

Levels and vault maps discovered:
D:1:      dpeg_arrival_tiny_k, layout_basic
D:2:      layout_basic, serial_corexii_hall, corexii_hall_statues_l,
          corexii_hall_statues_i, chequers_hall_statues_y,
          hangedman_abyss_or_decor_stabs
D:3:      layout_basic, okawaru_metal_pillars_3, reono_crystal_passage,
          uniq_crazy_yiuf_cottage, uniq_jessica, uniq_terence
D:4:      layout_rooms, grunt_temple_overflow_order_and_chaos_2,
          nicolae_ossuary_entry_false_entrances
D:5:      layout_basic, mainiacjoe_overflow_catwalk, amethyst_killhole,
          uniq_pikel

Skill      XL: |  1  2  3  4  5  6 |
---------------+-------------------+-----
Ranged Weapons | 4 5 6 |  6.0
Fighting       | 3 |  3.5
Dodging        | 2 |  2.1
Stealth        | |  1.5

Action                     |  1- 3 |  4- 6 || total
---------------------------+-------+-------++-------
   Fire: Shortbow          |    62 |    12 ||    74
         Hand crossbow     |       |    54 ||    54
Ability: Spit Poison       |    25 |    32 ||    57
    Use: Scroll            |     6 |     6 ||    12
 Armour: Leather armour    |     3 |    15 ||    18
  Dodge: Dodged            |    15 |    21 ||    36

Table legend:
 A = Non-vault XP
 B = Vault XP
 C = Vault XP percentage of total XP
 D = Non-vault monster count
 E = Vault monster count
 F = Vault count percentage of total count
                 A         B        C        D         E       F
            +---------+---------+-------+---------+---------+-------
      Total |     356 |      75 |  17.4 |      77 |       2 |   2.5
            +---------+---------+-------+---------+---------+-------
        D:1 |      18 |       0 |   0.0 |      11 |       0 |   0.0
        D:2 |     105 |       0 |   0.0 |      27 |       0 |   0.0
        D:3 |     100 |      75 |  42.9 |      19 |       2 |   9.5
        D:4 |     133 |       0 |   0.0 |      20 |       0 |   0.0
            +---------+---------+-------+---------+---------+-------
